 Dungeon Crawl Stone Soup version 0.21-a0-279-g6037ffb (webtiles) character file.

1 mhoghedin the Stinger (level 1, 0/14 HPs)
             Began as a Draconian Venom Mage on Sept 23, 2017.
             Slain by a hobgoblin
             ... wielding a +0 club
              (4 damage)
             ... on level 1 of the Dungeon.
             The game lasted 00:01:15 (67 turns).

mhoghedin the Stinger (Draconian Venom Mage)          Turns: 67, Time: 00:01:17

Health: 0/14       AC:  4    Str: 10    XL:     1   Next: 16%
Magic:  0/3        EV: 12    Int: 15    God:
Gold:   0          SH:  0    Dex: 11    Spells: 3/4 levels left

rFire    . . .     SeeInvis .   (no weapon)
rCold    . . .     Gourm    .   (no shield)
rNeg     . . .     Faith    .   (armour unavailable)
rPois    .         Spirit   .   (helmet restricted)
rElec    .         Reflect  .   (no cloak)
rCorr    .         Harm     .   (no gloves)
MR       .....                  (no boots)
Stlth    ++........             (no amulet)
HPRegen  0.04/turn              (no ring)
MPRegen  0.08/turn              (no ring)

@: very slightly contaminated
A: unfitting armour, cold-blooded, AC +4
a: no special abilities


You were on level 1 of the Dungeon.
You were not hungry.

You visited 1 branch of the dungeon, and saw 1 of its levels.

Inventory:

Books
 a - a Young Poisoner's Handbook
Comestibles
 b - a bread ration {@e1}


   Skills:
 + Level 1.8 Dodging
 + Level 1.7 Stealth
 + Level 2.0 Spellcasting
 + Level 1.1 Conjurations
 + Level 3.0 Poison Magic


You had 3 spell levels left.
You knew the following spells:

 Your Spells              Type           Power        Failure   Level  Hunger
a - Sting                 Conj/Pois      #...         10%         1    #......


Dungeon Overview and Level Annotations

Branches:
Dungeon (1/15)

Altars:


Innate Abilities, Weirdness & Mutations

Your plain brown scales are hard. (AC +4)
You cannot fit into any form of body armour.
You are cold-blooded and may be slowed by cold attacks.


Message History

Welcome, mhoghedin the Draconian Venom Mage.
It is said that the Orb of Zot exists deep within this dungeon.
Found a staircase leading out of the dungeon.
A jackal comes into view.
The jackal barks!
The jackal moves out of view.
A jackal comes into view.
A jackal is nearby!
You can't see any susceptible monsters within range! (Use Z to cast anyway.) Unknown command.
The jackal moves out of view.
No target in view!
A hobgoblin comes into view. It is wielding a club.
There are monsters nearby!
The hobgoblin shouts!
You hit the jackal but do no damage. The jackal bites you.
A frilled lizard comes into view.
You take 2 damage, and have 12/14 hp.
You barely miss the jackal. You tail-slap the jackal.
The jackal closely misses you.
You barely miss the jackal. The jackal completely misses you.
You hit the jackal but do no damage. The jackal bites you.
You closely miss the jackal.
The jackal bites you but does no damage.
You take 1 damage, and have 11/14 hp.
You barely miss the jackal. The jackal bites you.
The jackal closely misses you. The hobgoblin hits you with a club.
You take 4 damage, and have 7/14 hp.
MASSIVE DAMAGE!!
The jackal barely misses you. The hobgoblin misses you.
The jackal closely misses you.
The jackal pauses to sniff the ground.
The jackal bites you.
You take 1 damage, and have 7/14 hp.
The jackal bites you but does no damage.
The jackal bites you but does no damage.
The jackal bites you but does no damage.
A frilled lizard comes into view.
The jackal closely misses you.
The frilled lizard hisses angrily.
The jackal misses you. The frilled lizard bites you.
You take 1 damage, and have 6/14 hp.
The jackal closely misses you. The jackal bites you.
You take 1 damage, and have 5/14 hp.
The jackal bites you but does no damage.
The jackal misses you. The jackal closely misses you.
The jackal stops to sniff the ground.
The jackal bites you but does no damage.
The jackal bites you but does no damage.
Aim: a jackal The sting hits the jackal.
The jackal barely misses you. The jackal closely misses you.
You now have 2/3 mp.
Aim: a jackal (heavily wounded)
The sting hits the jackal.
The jackal is poisoned.
The jackal bites you.
You take 1 damage, and have 5/14 hp.
You now have 1/3 mp.
Aim: a jackal (severely wounded, poisoned)
You miscast Sting.
You are very lightly contaminated with residual magic.
You feel slightly ill.
You kill the jackal!
You now have 0/3 mp.
Unknown command.
You are too injured to fight recklessly!
You are too injured to fight recklessly!
You are too injured to fight recklessly!
You are too injured to fight recklessly!
You are too injured to fight recklessly!
You barely miss the hobgoblin. The hobgoblin barely misses you.
You closely miss the hobgoblin. The hobgoblin hits you with a club.
* * * LOW HITPOINT WARNING * * *
You closely miss the hobgoblin. The hobgoblin completely misses you.
You take 1 damage, and have 4/14 hp.
You hit the hobgoblin. The hobgoblin hits you with a club.
You die...

#.###
#...#
#.... ...
...
####.####
#.......#
#.##@#
#.##g#
#..hl#
##..####.
#........#
#.#.##.###
#.l..# #
#..#.# #
#....#.#


You could see a jackal, a hobgoblin and a frilled lizard.

Vanquished Creatures
  A jackal (D:1)
1 creature vanquished.

Notes
Turn   | Place    | Note
-------+----------+-------------------------------------------
     0 | D:1      | mhoghedin the Draconian Venom Mage began the quest for the Orb.
     0 | D:1      | Reached XP level 1. HP: 14/14 MP: 3/3
    67 | D:1      | Slain by a hobgoblin

Vault maps used:
D:1:      dpeg_arrival_ternary, serial_aquarium, aquarium_bridge_island_large,
          aquarium_bridge_square, aquarium_window_corridor_1, aquarium_window_1,
          aquarium_view_2b, aquarium_view_2b, aquarium_pool_2, minmay_tromino_v7

Action                   || total
-------------------------++-------
Melee: Unarmed           ||    10
       Tailslap          ||     1
 Cast: Sting             ||     2
Armor: Skin              ||     7
Dodge: Dodged            ||    15

Table legend:
 A = Spawn XP
 B = Non-spawn XP
 C = Spawn XP percentage of total XP
 D = Spawn monster count
 E = Non-spawn monster count
 F = Spawn count percentage of total count
 G = Total turns spent on level
                    A         B        C        D         E        F      G
               +---------+---------+-------+---------+---------+-------+---------
         Total |       0 |       2 |   0.0 |       0 |       1 |   0.0 |    67
               +---------+---------+-------+---------+---------+-------+---------
           D:1 |       0 |       2 |   0.0 |       0 |       1 |   0.0 |    67
               +---------+---------+-------+---------+---------+-------+---------

Vault maps used:
D:1:      dpeg_arrival_ternary, serial_aquarium, aquarium_bridge_island_large,
          aquarium_bridge_square, aquarium_window_corridor_1, aquarium_window_1,
          aquarium_view_2b, aquarium_view_2b, aquarium_pool_2, minmay_tromino_v7

Table legend:
 A = Turns spent in this place as a percentage of turns spent in the entire game.
 B = Non-inter-level travel turns spent in this place as a percentage of non-inter-level travel turns spent in the entire game.
 C = Inter-level travel turns spent in this place as a percentage of turns spent in this place.
 D = Turns resting spent in this place as a percentage of non-inter-level travel turns spent in this place.
 E = Turns spent auto-exploring this place as a percentage of non-inter-level travel turns spent in this place.
 F = Non-inter-level travel turns spent in this place divided by the number of levels of this place that you've seen.
                   A       B       C       D       E      F
               +-------+-------+-------+-------+-------+----------------------
         Total | 100.0 | 100.0 |   0.0 |   0.0 |  16.4 |  67.0
       Dungeon | 100.0 | 100.0 |   0.0 |   0.0 |  16.4 |  67.0
               +-------+-------+-------+-------+-------+----------------------

Table legend:
 A = Kills in this place as a percentage of kills in entire the game.
 B = Kills by you in this place as a percentage of kills by you in the entire game.
 C = Kills by friends in this place as a percentage of kills by friends in the entire game.
 D = Other kills in this place as a percentage of other kills in the entire game.
 E = Experience gained in this place as a percentage of experience gained in the entire game.
 F = Experience gained in this place divided by the number of levels of this place that you have seen.
                   A       B       C       D       E      F
               +-------+-------+-------+-------+-------+----------------------
         Total | 100.0 | 100.0 |   N/A |   N/A | 100.0 |   2.0
       Dungeon | 100.0 | 100.0 |   N/A |   N/A | 100.0 |   2.0
               +-------+-------+-------+-------+-------+----------------------
